 Dungeon Crawl Stone Soup version 0.21-a0-401-g0b6bec4 (webtiles) character file.

23 Mitsuki the Skirmisher (level 2, -6/29 HPs)
             Began as a Troll Fighter on Oct 25, 2017.
             Mangled by a gnoll
             ... wielding a +0 halberd
              (11 damage)
             ... on level 2 of the Dungeon.
             The game lasted 00:01:26 (864 turns).

Mitsuki the Skirmisher (Troll Fighter)               Turns: 864, Time: 00:01:26

Health: -6/29      AC:  5    Str: 23    XL:     2   Next: 75%
Magic:  1/1        EV:  8    Int:  4    God:
Gold:   88         SH:  8    Dex:  9    Spells: 1/1 levels left

rFire    . . .     SeeInvis .     - Unarmed
rCold    . . .     Gourm    +   b - +0 shield
rNeg     . . .     Faith    .   a - +0 robe
rPois    .         Spirit   .   (helmet restricted)
rElec    .         Reflect  .   (no cloak)
rCorr    .         Harm     .   (gloves unavailable)
MR       .....                  (boots unavailable)
Stlth    +.........             (no amulet)
HPRegen  0.49/turn              (no ring)
MPRegen  0.07/turn              (no ring)

@: no status effects
A: unfitting armour, claws 3, fast metabolism 3, gourmand, regeneration 1,
shaggy fur 1, tough skin 2
a: no special abilities


You were on level 2 of the Dungeon.
You were full.

You visited 1 branch of the dungeon, and saw 2 of its levels.

You collected 88 gold pieces.

Inventory:

Hand Weapons
 h - a +0 dagger
Armour
 a - a +0 robe (worn)
 b - a +0 shield (worn)
Scrolls
 e - a scroll of immolation {unknown}
 f - a scroll of magic mapping {unknown}
 g - a scroll of amnesia {unknown}
 k - 3 scrolls of identify {unknown}
 p - a scroll of blinking {unknown}
 s - a scroll of fog {unknown}
 t - a scroll of enchant armour {unknown}
Potions
 c - 2 potions of might
 i - a potion of agility {unknown}
 j - a potion of haste {unknown}
 l - 2 potions of curing {unknown}
 n - a potion of magic {unknown}
Comestibles
 d - 3 bread rations


   Skills:
 + Level 2.6 Fighting
 + Level 2.6 Dodging
 + Level 2.6 Shields
 + Level 2.3 Unarmed Combat


You had one spell level left.
You didn't know any spells.

Dungeon Overview and Level Annotations

Branches:
Dungeon (2/15)

Altars:


Innate Abilities, Weirdness & Mutations

You are too large for most types of armour.
You have claws for hands.
Your metabolism is lightning-fast.
You like to eat raw meat.
Your natural rate of healing is unusually fast.
You are covered in fur. (AC +1)
You have very tough skin. (AC +2)


Message History

You are too injured to fight recklessly!
You are too injured to fight recklessly!
You are too injured to fight recklessly!
You are too injured to fight recklessly!
You are too injured to fight recklessly!
You are too injured to fight recklessly!
You are too injured to fight recklessly!
You are too injured to fight recklessly!
You are too injured to fight recklessly!
You scratch the gnoll but do no damage. You block the gnoll's attack.
You scratch the gnoll.
The gnoll is heavily wounded.
The gnoll hits you with a halberd.
* * * LOW HITPOINT WARNING * * *
You block the gnoll's attack.
You take 5 damage, and have 5/29 hp.
You completely miss the gnoll.
The gnoll is heavily wounded.
The gnoll hits you with a halberd!
You die...

#### .... #..#
###..#####
#..... ..#
##.#gg# #.#
#....@# #.#
#..##.# #.# #
#.###.########
#............#
#####<######.#
#.# #.#
..######.#
.........#


You could see 2 gnolls.

Vanquished Creatures
  A gnoll (D:2)
  3 giant cockroaches (D:1)
  A goblin (D:1)
  2 hobgoblins (D:1)
  2 bats (D:1)
  3 kobolds (D:1)
  2 rats (D:1)
14 creatures vanquished.

Notes
Turn   | Place    | Note
-------+----------+-------------------------------------------
     0 | D:1      | Mitsuki the Troll Fighter began the quest for the Orb.
     0 | D:1      | Reached XP level 1. HP: 22/22 MP: 0/0
   424 | D:1      | Reached XP level 2. HP: 26/29 MP: 1/1
   864 | D:2      | Mangled by a gnoll

Vault maps used:
D:1:      minmay_arrival_three_doors, minmay_ruptured
D:2:      marbit_many_paths

Action                   || total
-------------------------++-------
Melee: Unarmed           ||    37
  Eat: Chunk             ||    10
Armor: Robe              ||     6
Dodge: Dodged            ||    12
Block: Shield            ||    14

Table legend:
 A = Spawn XP
 B = Non-spawn XP
 C = Spawn XP percentage of total XP
 D = Spawn monster count
 E = Non-spawn monster count
 F = Spawn count percentage of total count
 G = Total turns spent on level
                    A         B        C        D         E        F      G
               +---------+---------+-------+---------+---------+-------+---------
         Total |       0 |      34 |   0.0 |       0 |      14 |   0.0 |   864
               +---------+---------+-------+---------+---------+-------+---------
           D:1 |       0 |      20 |   0.0 |       0 |      13 |   0.0 |   841
           D:2 |       0 |      14 |   0.0 |       0 |       1 |   0.0 |    23
               +---------+---------+-------+---------+---------+-------+---------
